AoeStats
← Isaac_Hayes

MegaRandom

510816547Analyzed
4v4 RM · 12h ago on Oct 2, 2026· 43m 5s· 8 players
Game mode
Random Map
Map size
Large (8 player)
Population
200
Speed
Normal
Resources
Standard
Victory
Conquest
Starting age
Dark Age
Ending age
Imperial Age
RankedLock teamsTeams togetherTeam positionsShared explorationLock speedFull tech treeHidden civsTurbo modeCheats
Victory
Defeat
🇨🇴 Aztecs · Colombia
1320
+12
🇩🇪 Teutons · Germany
1299
+13
🇹🇷 Franks · Türkiye
1215
+17
🇦🇷 Japanese · Argentina
1206
+18
🇨🇳 Shu · China
1261
-16
🇨🇱 Burmese · Chile
1239
-15
🇨🇴 Romans · Colombia
1234
-15
🇹🇷 Vikings · Türkiye
1204
-14
迪酒不沾丶
11:39 Feudal Age
10:10 Loom
12:45 Double-Bit Axe
16:56 Castle Age
16:00 Fletching
17:36 Wheelbarrow
16:58 Crossbowman
17:34 Bodkin Arrow
18:30 Bow Saw
21:17 Town Watch
21:34 Gold Mining
27:18 Ballistics
31:55 Padded Archer Armor
32:02 Thumb Ring
34:08 Leather Archer Armor
34:25 Horse Collar
40:57 Imperial Age
39:35 Hand Cart
41:22 Arbalester
42:31 Bracer
MZTK | John_Wick
0:39 Loom
10:38 Feudal Age
10:55 Man-at-Arms
13:17 Scale Mail Armor
16:54 Forging
18:45 Town Watch
19:12 Horse Collar
20:45 Fletching
21:28 Double-Bit Axe
27:08 Castle Age
27:12 Pikeman
28:09 Chain Mail Armor
28:40 Wheelbarrow
28:50 Squires
30:38 Long Swordsman
36:17 Town Patrol
42:27 Scale Barding Armor
42:59 Iron Casting
Diegote
5:18 Loom
10:57 Feudal Age
11:23 Horse Collar
19:40 Forging
19:36 Scale Barding Armor
24:36 Castle Age
26:58 Husbandry
33:12 Wheelbarrow
34:52 Chain Barding Armor
41:03 Bloodlines
41:58 Fletching
Yellowping
0:35 Loom
9:58 Feudal Age
9:59 Man-at-Arms
13:50 Horse Collar
15:29 Fletching
18:31 Padded Archer Armor
22:08 Scale Mail Armor
26:35 Castle Age
25:37 Forging
26:44 Crossbowman
27:25 Bodkin Arrow
27:13 Pikeman
27:54 Squires
30:36 Heavy Plow
30:22 Double-Bit Axe
30:29 Gold Mining
32:44 Bow Saw
34:21 Stone Mining
39:30 Imperial Age
40:21 Arbalester
41:53 Bracer
42:57 Chain Mail Armor
Isaac_Hayes
8:07 Loom
11:04 Feudal Age
12:04 Double-Bit Axe
12:48 Town Watch
13:07 Man-at-Arms
15:38 Scale Mail Armor
17:07 Forging
19:59 Wheelbarrow
20:14 Arson
20:22 Fletching
25:45 Castle Age
27:03 Gold Mining
29:30 Gambesons
35:48 Sanctity
36:36 Fervor
39:18 Bow Saw
40:40 Redemption
damiansima
8:55 Loom
10:42 Feudal Age
10:44 Loom
11:41 Double-Bit Axe
12:01 Horse Collar
15:11 Forging
15:40 Scale Barding Armor
22:36 Castle Age
21:12 Padded Archer Armor
21:03 Fletching
21:16 Padded Archer Armor
21:49 Bloodlines
23:20 Husbandry
22:40 Light Cavalry
23:42 Chain Barding Armor
24:09 Bodkin Arrow
24:22 Thumb Ring
28:22 Bow Saw
28:53 Gold Mining
30:52 Wheelbarrow
30:04 Town Watch
36:08 Heavy Plow
36:44 Gold Shaft Mining
36:51 Ballistics
37:51 Leather Archer Armor
38:57 Hand Cart
38:39 Stone Mining
41:57 Imperial Age
40:06 Iron Casting
42:49 Bracer
43:15 Parthian Tactics
42:11 Heavy Cavalry Archer
44:14 Ring Archer Armor
WallyGoodberg
0:35 Loom
9:51 Feudal Age
10:32 Double-Bit Axe
11:42 Horse Collar
14:40 Forging
15:42 Scale Barding Armor
17:07 Bloodlines
19:32 Wheelbarrow
23:49 Castle Age
23:19 Town Watch
25:11 Heavy Plow
25:26 Bow Saw
26:07 Iron Casting
26:44 Gold Mining
27:19 Town Patrol
28:11 Stone Mining
30:22 Fletching
30:58 Hand Cart
30:58 Bodkin Arrow
31:47 Ballistics
31:18 Guard Tower
36:10 Imperial Age
34:42 Stone Shaft Mining
34:40 Chain Barding Armor
36:13 Cavalier
37:28 Plate Barding Armor
38:52 Paladin
40:57 Conscription
42:43 Blast Furnace
malikesterbal
0:35 Loom
11:31 Feudal Age
17:03 Castle Age
15:02 Double-Bit Axe
19:33 Scale Barding Armor
20:55 Scale Mail Armor
21:01 Scale Barding Armor
25:14 Chain Barding Armor
26:43 Wheelbarrow
41:48 Hand Cart
42:14 Bow Saw
Connection lost

Rejoining the realm…

Still unreachable

The connection could not be restored.

Session expired

The server has moved on; the page needs a fresh start.